[Event "Stadtmeisterschaft Ulm/Neu-Ulm 2011"]
[Site "Ulm"]
[Date "2011.11.11"]
[Round "5"]
[White "Mattiessen, Irina"]
[Black "Goda, Frederic"]
[Result "1-0"]
[ECO "B22"]
[WhiteElo "1580"]
[BlackElo "1643"]
[Annotator ",Fred"]
[PlyCount "81"]
[EventDate "2011.??.??"]
[TimeControl "40/7200:20/3600:1800"]

1. e4 c5 2. c3 e6 3. d4 cxd4 4. cxd4 d5 5. Nc3 Ne7 6. Bd3 Nbc6 7. Nf3 g6 8. O-O
Bg7 9. e5 O-O 10. Bg5 a6 11. Qd2 b5 12. Rfd1 Bd7 13. Ne2 Qb6 14. Bh6 f6 15. h4
fxe5 16. Bxg7 Kxg7 17. dxe5 Nxe5 18. Qc3 N7c6 19. Rf1 b4 20. Qd2 Rxf3 21. Nf4
Rxf4 22. Qxf4 Nxd3 23. Qd6 Qd8 24. h5 Qe7 25. Qg3 Nc5 26. Rac1 Ne4 27. Qc7 Rc8
28. Qh2 Qf6 29. Rc2 Rf8 30. h6+ Kg8 31. f3 Qd4+ 32. Kh1 Qd3 33. Rfc1 Nf6 34.
Qd6 Nd4 35. Rc7 Nb5 36. Qe7 Rf7 37. Rc8+ Ne8 38. Rxe8+ Bxe8 39. Qxe8+ Rf8 40.
Qxe6+ Rf7 41. Rc8# 1-0

[Event "Stadtmeisterschaft Ulm/Neu-Ulm 2011 "]
[Site "Ulm"]
[Date "2011.11.11"]
[Round "5"]
[White "Fett, Sabine"]
[Black "Wolf, Rainer"]
[Result "0-1"]
[ECO "B06"]
[WhiteElo "1618"]
[BlackElo "1976"]
[Annotator ",Fred"]
[PlyCount "68"]
[EventDate "2011.??.??"]
[TimeControl "40/7200:20/3600:1800"]

1. e4 g6 2. d4 Bg7 3. Bc4 e6 4. Ne2 d5 5. exd5 exd5 6. Bd3 Nf6 7. Bg5 O-O 8.
O-O Nc6 9. c3 h6 10. Bh4 Ne7 11. Bxf6 Bxf6 12. Qd2 Bg7 13. Qc2 b6 14. Nd2 c5
15. b3 Nf5 16. Nf3 Nd6 17. dxc5 bxc5 18. Rad1 Qf6 19. Rfe1 Bg4 20. Nd2 Bxe2 21.
Bxe2 Qxc3 22. Qb1 Rae8 23. Nf3 Nf5 24. Rxd5 Nd4 25. Qd1 Nxf3+ 26. gxf3 Bd4 27.
Kf1 Re7 28. Qc1 Qa5 29. Qxh6 Rfe8 30. a4 Qb6 31. h4 Qe6 32. Qg5 Qh3+ 33. Kg1
Rxe2 34. Rxe2 Rxe2 0-1

[Event "Stadtmeisterschaft Ulm/Neu-Ulm 2011"]
[Site "Ulm"]
[Date "2011.11.11"]
[Round "5"]
[White "Vetter, Robert"]
[Black "Kühn, Bernd"]
[Result "1-0"]
[ECO "D05"]
[WhiteElo "1804"]
[BlackElo "1662"]
[Annotator ",Fred"]
[PlyCount "59"]
[EventDate "2011.??.??"]
[TimeControl "40/7200:20/3600:1800"]

1. d4 Nf6 2. Nf3 e6 3. e3 d5 4. Bd3 c5 5. b3 Nbd7 6. Nbd2 Be7 7. Bb2 O-O 8. O-O
Rb8 9. c4 a6 10. Qe2 Qc7 11. Ne5 Nxe5 12. dxe5 Nd7 13. f4 f6 14. Qh5 f5 15.
cxd5 g6 16. Qh6 exd5 17. e6 Nf6 18. Nf3 Bxe6 19. Ng5 Bc8 20. Rf3 Bd6 21. Rh3
Qg7 22. Qxg7+ Kxg7 23. Nxh7 Rf7 24. Nxf6 Rxf6 25. Rd1 d4 26. exd4 Kf7 27. dxc5
Bxc5+ 28. Kf1 Ke8 29. Bc4 Rd6 30. Re1+ 1-0

[Event "Stadtmeisterschaft Ulm/Neu-Ulm 2011"]
[Site "Ulm"]
[Date "2011.11.11"]
[Round "5"]
[White "Krauss, Rainer"]
[Black "Lell, Stephan"]
[Result "1-0"]
[ECO "C41"]
[WhiteElo "1800"]
[BlackElo "1605"]
[Annotator ",Fred"]
[PlyCount "87"]
[EventDate "2011.??.??"]
[TimeControl "40/7200:20/3600:1800"]

1. e4 d6 2. d4 Nf6 3. Nc3 Nbd7 4. Nf3 e5 5. dxe5 dxe5 6. Bc4 Be7 7. O-O h6 8.
b3 c6 9. Bb2 Qc7 10. a4 Nb6 11. Bd3 Bg4 12. h3 Bh5 13. Qe2 O-O 14. Qe3 Rad8 15.
Ne2 Nbd7 16. Ng3 Bc5 17. Qe2 g6 18. Nxh5 Nxh5 19. Rad1 Nf4 20. Qd2 Kg7 21. Qxf4
f6 22. Qg3 Kh7 23. Nh4 Rg8 24. Bc1 Rg7 25. Kh1 Bd4 26. f4 Re8 27. Nf3 Bc3 28.
fxe5 fxe5 29. Bd2 Bxd2 30. Rxd2 Qb8 31. Rdf2 Ree7 32. Nd2 Qe8 33. Nc4 Qb8 34.
Rf3 b5 35. axb5 cxb5 36. Ne3 a6 37. Nd5 Re6 38. Rf7 Qd8 39. Be2 Nc5 40. Qe3 Rc6
41. Nf6+ Rxf6 42. R1xf6 Nd7 43. Rxg7+ Kxg7 44. Rxa6 1-0

[Event "Stadtmeisterschaft Ulm/Neu-Ulm 2011"]
[Site "Ulm"]
[Date "2011.11.11"]
[Round "5"]
[White "Kromer, Thomas"]
[Black "Kinzig, Lars"]
[Result "1-0"]
[ECO "B06"]
[WhiteElo "1702"]
[BlackElo "1602"]
[Annotator ",Fred"]
[PlyCount "91"]
[EventDate "2011.??.??"]
[TimeControl "40/7200:20/3600:1800"]

1. e4 g6 2. d4 Bg7 3. f4 d6 4. Nf3 e6 5. Bd3 Ne7 6. Be3 b6 7. c3 Bb7 8. Nbd2
Nd7 9. Qb3 a6 10. O-O Nf6 11. f5 exf5 12. exf5 Nxf5 13. Bxf5 gxf5 14. Nh4 Rg8
15. Rae1 Kd7 16. Qxf7+ Kc8 17. c4 Ne4 18. Nxf5 Nxd2 19. Ne7+ Kb8 20. Nxg8 Nxf1
21. Rxf1 Ka7 22. Qxg7 Qxg8 23. Rf7 Re8 24. Qxg8 Rxg8 25. d5 Re8 26. Kf2 Kb8 27.
Rxh7 Bc8 28. Rf7 Re5 29. h3 Bf5 30. Bf4 Bg6 31. Rf8+ Re8 32. Rxe8+ Bxe8 33. g4
Kc8 34. Ke3 Kd7 35. Bg5 c6 36. dxc6+ Kxc6 37. Kd4 b5 38. cxb5+ axb5 39. Bd2 Kd7
40. h4 Ke6 41. Bb4 Bc6 42. Ke3 d5 43. Bc3 Be8 44. h5 Bf7 45. Kf4 Bg8 46. g5 1-0

[Event "Stadtmeisterschaft Ulm/Neu-Ulm 2011"]
[Site "Ulm"]
[Date "2011.11.11"]
[Round "5"]
[White "Grosse, Manfred"]
[Black "Walker, Kevin"]
[Result "1-0"]
[ECO "B07"]
[WhiteElo "1846"]
[BlackElo "1560"]
[Annotator ",Fred"]
[PlyCount "59"]
[EventDate "2011.??.??"]
[TimeControl "40/7200:20/3600:1800"]

1. e4 d6 2. d4 Nf6 3. Bd3 e5 4. c3 Be7 5. Ne2 O-O 6. O-O Re8 7. Ng3 exd4 8.
cxd4 Nc6 9. Bb5 Bd7 10. Nc3 a6 11. Ba4 Bf8 12. a3 Nb8 13. Bxd7 Nfxd7 14. f4 c5
15. d5 b5 16. Be3 Nb6 17. b3 g6 18. Qd2 Bg7 19. Rad1 f5 20. exf5 gxf5 21. Nxf5
Bf8 22. Ne2 Qf6 23. Neg3 h5 24. h4 N8d7 25. Bf2 Qg6 26. Qc2 Qg4 27. Be1 Nf6 28.
Bc3 Nbxd5 29. Bxf6 Nxf6 30. Rxd6 1-0

[Event "Stadtmeisterschaft Ulm/Neu-Ulm 2011"]
[Site "Ulm"]
[Date "2011.11.11"]
[Round "5"]
[White "Frank, Matthias"]
[Black "Stork, Simon"]
[Result "1/2-1/2"]
[ECO "C02"]
[WhiteElo "1458"]
[BlackElo "1714"]
[Annotator ",Fred"]
[PlyCount "113"]
[EventDate "2011.??.??"]
[TimeControl "40/7200:20/3600:1800"]

1. e4 e6 2. d4 d5 3. e5 c5 4. c3 Nc6 5. Be2 Qb6 6. Nf3 Nge7 7. Na3 Nf5 8. Nc2
Bd7 9. O-O Rc8 10. b3 cxd4 11. cxd4 Nb4 12. Nxb4 Bxb4 13. Bb2 Bb5 14. Bxb5+
Qxb5 15. Rc1 O-O 16. Rxc8 Rxc8 17. Qb1 Qa6 18. a4 b6 19. Rc1 h6 20. Rc2 Ne7 21.
Qc1 Qb7 22. Rxc8+ Qxc8 23. Qxc8+ Nxc8 24. Bc1 Ne7 25. Bd2 Bxd2 26. Nxd2 Nc6 27.
Nf3 g5 28. g4 h5 29. h3 hxg4 30. hxg4 Kg7 31. Kf1 f6 32. exf6+ Kxf6 33. Ke2 e5
34. dxe5+ Nxe5 35. Nh2 d4 36. f3 Ke6 37. Nf1 Kd5 38. Nd2 Kc5 39. Ne4+ Kb4 40.
Nxg5 Kxb3 41. f4 Nxg4 42. Kd3 Kxa4 43. Kxd4 Kb3 44. Ne4 a5 45. Nd2+ Kb4 46. Kd3
b5 47. Kc2 Ne3+ 48. Kb1 a4 49. Ka2 Kc3 50. Nb1+ Kd4 51. Ka3 Nc2+ 52. Kb2 a3+
53. Kxc2 a2 54. Kb2 axb1=Q+ 55. Kxb1 Ke4 56. Kc2 Kxf4 57. Kb3 1/2-1/2

[Event "Stadtmeisterschaft Ulm/Neu-Ulm 2011"]
[Site "Ulm"]
[Date "2011.11.11"]
[Round "5"]
[White "Andritzke, Karl-Heinz"]
[Black "Schmidt, Waldemar"]
[Result "0-1"]
[ECO "A03"]
[WhiteElo "1470"]
[BlackElo "1615"]
[Annotator ",Fred"]
[PlyCount "93"]
[EventDate "2011.??.??"]
[TimeControl "40/7200:1800"]

1. f4 d5 2. e3 Nf6 3. b3 g6 4. Bb2 Bg7 5. Nf3 Bg4 6. Be2 Nc6 7. a3 Qd6 8. O-O
O-O-O 9. Ne5 Bxe2 10. Qxe2 Qe6 11. d4 Ne4 12. Nd2 Nxd2 13. Qxd2 f6 14. Nd3 h5
15. Nc5 Qd6 16. Qd3 a6 17. b4 f5 18. b5 Nb8 19. bxa6 Nxa6 20. Qb5 Qb6 21. Qxb6
cxb6 22. Ne6 Rdg8 23. Rfc1 Kd7 24. Nxg7 Rxg7 25. c4 Nc7 26. cxd5 Nxd5 27. Kf2
g5 28. g3 gxf4 29. gxf4 Rhg8 30. Rg1 Rxg1 31. Rxg1 Rxg1 32. Kxg1 Nxe3 33. Bc1
Nc2 34. Kg2 Nxd4 35. Be3 Nc2 36. Bc1 b5 37. Kf2 b4 38. axb4 Nxb4 39. Ke3 Nc6
40. Bb2 Kd6 41. Ba3+ Kd5 42. Bb2 b5 43. Bg7 b4 44. h4 b3 45. Bb2 e5 46. fxe5
Nxe5 47. Kf4 0-1

[Event "Stadtmeisterschaft Ulm/Neu-Ulm 2011"]
[Site "Ulm"]
[Date "2011.11.11"]
[Round "5"]
[White "Huppertz, Anton"]
[Black "Naafs, Uwe"]
[Result "0-1"]
[ECO "A20"]
[WhiteElo "1346"]
[BlackElo "1491"]
[Annotator ",Fred"]
[PlyCount "100"]
[EventDate "2011.??.??"]
[TimeControl "40/7200:1800"]

1. c4 e5 2. g3 c6 3. Bg2 Nf6 4. a3 d5 5. cxd5 Nxd5 6. d4 exd4 7. Qxd4 Qf6 8.
Qxf6 Nxf6 9. e3 Bf5 10. Nc3 Bd6 11. Nf3 Nbd7 12. O-O O-O 13. Re1 Rfe8 14. b4 a6
15. Bb2 Ne5 16. Nxe5 Bxe5 17. Nd1 Bxb2 18. Nxb2 Rad8 19. Rad1 Bc2 20. Rxd8 Rxd8
21. e4 Bb3 22. Re3 Be6 23. Rd3 Rxd3 24. Nxd3 Nd7 25. f4 Bc4 26. Bf1 Bxd3 27.
Bxd3 f6 28. Bc4+ Kf8 29. Be6 Ke7 30. Bb3 Kd6 31. Kf2 c5 32. bxc5+ Nxc5 33. Bc2
h6 34. Ke3 b5 35. Kd4 Ne6+ 36. Kc3 Kc5 37. Bb3 Nd4 38. Bd1 a5 39. Bg4 b4+ 40.
axb4+ axb4+ 41. Kb2 Kc4 42. e5 Kd5 43. exf6 gxf6 44. Bc8 Ke4 45. Bb7+ Ke3 46.
Bc8 Kf3 47. Bb7+ Kf2 48. g4 Ke3 49. f5 Kf4 50. h3 Kg3 0-1

[Event "Stadtmeisterschaft Ulm/Neu-Ulm 2011"]
[Site "Ulm"]
[Date "2011.11.11"]
[Round "5"]
[White "Simo von Koschitzky, Ignacio"]
[Black "Brischar, Rolf"]
[Result "0-1"]
[ECO "E61"]
[WhiteElo "1460"]
[BlackElo "1260"]
[Annotator ",Fred"]
[PlyCount "74"]
[EventDate "2011.??.??"]
[TimeControl "40/7200:1800"]

1. c4 Nf6 2. Nf3 g6 3. e3 Bg7 4. Nc3 d6 5. d4 O-O 6. Be2 e6 7. e4 Nc6 8. O-O
Ne7 9. Bg5 Nd7 10. Qc1 f6 11. Bh4 f5 12. exf5 exf5 13. Nd5 Bf6 14. Nxf6+ Nxf6
15. d5 Bd7 16. Re1 Kh8 17. Bd3 Neg8 18. Qc3 Re8 19. Ng5 Rxe1+ 20. Rxe1 Qf8 21.
Ne6 Bxe6 22. Rxe6 Kg7 23. b4 h6 24. f3 g5 25. Bf2 f4 26. Bd4 Re8 27. Bf5 c5 28.
dxc6 bxc6 29. c5 dxc5 30. Bxc5 Qf7 31. Rxe8 Qxe8 32. h3 Ne7 33. Qe5 Nxf5 34.
Qc7+ Kg6 35. Qxa7 Qe1+ 36. Kh2 Qg3+ 37. Kh1 Nh4 0-1

[Event "Stadtmeisterschaft Ulm/Neu-Ulm 2011"]
[Site "Ulm"]
[Date "2011.11.11"]
[Round "5"]
[White "Borowsky, Bernd"]
[Black "Ranade, Kedar"]
[Result "0-1"]
[ECO "C71"]
[WhiteElo "1249"]
[BlackElo "1519"]
[Annotator ",Fred"]
[PlyCount "106"]
[EventDate "2011.??.??"]
[TimeControl "40/7200:1800"]

1. e4 e5 2. Nf3 Nc6 3. Bb5 a6 4. Ba4 d6 5. d4 exd4 6. Nxd4 Bd7 7. O-O Nxd4 8.
Bxd7+ Qxd7 9. Qxd4 Nf6 10. Nc3 Be7 11. Re1 O-O 12. Bd2 Rfe8 13. Nd5 Nxd5 14.
Qxd5 c6 15. Qd3 Qe6 16. b3 Bf6 17. Rad1 Rad8 18. f3 Qe5 19. c3 Qc5+ 20. Kf1 g6
21. c4 Qb6 22. Bc3 Be5 23. g3 Bxc3 24. Qxc3 Qc5 25. Re2 b5 26. Red2 bxc4 27.
Qxc4 Qxc4+ 28. bxc4 Re6 29. Ke2 f5 30. Ke3 fxe4 31. fxe4 Kf7 32. Rf1+ Ke7 33.
Rb2 Rd7 34. Rb8 d5 35. cxd5 cxd5 36. Rff8 Rxe4+ 37. Kd3 Ra4 38. Rbe8+ Kd6 39.
Rf6+ Kc7 40. Rf2 Kb6 41. Rb2+ Kc5 42. Rc8+ Kd6 43. Rb6+ Ke7 44. Rb2 d4 45. Re2+
Kf6 46. Rce8 Ra3+ 47. Kc4 Rc3+ 48. Kb4 Rc6 49. Rf2+ Kg7 50. g4 d3 51. Ref8 d2
52. g5 Rb7+ 53. Ka5 Rb5+ 0-1

[Event "Stadtmeisterschaft Ulm/Neu-Ulm 2011"]
[Site "Ulm"]
[Date "2011.11.11"]
[Round "5"]
[White "Topalovic, Ljubisav"]
[Black "Radovic, Miodrag"]
[Result "1/2-1/2"]
[ECO "B01"]
[WhiteElo "1468"]
[BlackElo "1433"]
[Annotator ",Fred"]
[PlyCount "61"]
[EventDate "2011.??.??"]
[TimeControl "40/7200:1800"]

1. e4 d5 2. exd5 Qxd5 3. Nc3 Qd6 4. d4 c6 5. Nf3 Bg4 6. Be2 Nd7 7. O-O Ngf6 8.
Re1 g6 9. h3 Bxf3 10. Bxf3 Bg7 11. Be3 O-O 12. Ne4 Nxe4 13. Bxe4 Nf6 14. Bf3
Rfd8 15. c3 Rd7 16. Qc1 e6 17. Bf4 Qf8 18. a4 Rad8 19. Bg5 c5 20. dxc5 Qxc5 21.
Qf4 Qf5 22. Qxf5 exf5 23. g4 fxg4 24. Bxg4 Rd5 25. Bxf6 Bxf6 26. Rad1 b6 27.
Rxd5 Rxd5 28. Kf1 Ra5 29. Bd1 Kf8 30. Re3 Rf5 31. Rf3 1/2-1/2

[Event "Stadtmeisterschaft Ulm/Neu-Ulm 2011"]
[Site "Ulm"]
[Date "2011.11.25"]
[Round "6"]
[White "Fleischer, Frank"]
[Black "Smolny, Frieder"]
[Result "1/2-1/2"]
[ECO "C02"]
[WhiteElo "2140"]
[BlackElo "2090"]
[Annotator ",Fred"]
[PlyCount "46"]
[EventDate "2011.??.??"]
[TimeControl "40/7200:1800"]

1. e4 e6 2. d4 d5 3. e5 c5 4. c3 Bd7 5. Nf3 Qb6 6. a4 cxd4 7. a5 Qc7 8. cxd4
Nc6 9. Bd2 Nh6 10. Be2 Nf5 11. Bc3 Bb4 12. Bxb4 Nxb4 13. Nc3 a6 14. O-O O-O 15.
Qd2 Rfc8 16. Na4 Bxa4 17. Qxb4 Bb5 18. Bxb5 axb5 19. Qxb5 Qc4 20. Qb6 Ra6 21.
Qxb7 Rc7 22. Qb8+ Rc8 23. Qb7 Rc7 1/2-1/2

[Event "Stadtmeisterschaft Ulm/Neu-Ulm 2011"]
[Site "Ulm"]
[Date "2011.11.25"]
[Round "6"]
[White "Späth, Gerhard"]
[Black "Krassowizkij, Jaroslaw"]
[Result "0-1"]
[ECO "B94"]
[WhiteElo "1679"]
[BlackElo "2305"]
[Annotator ",Fred"]
[PlyCount "78"]
[EventDate "2011.??.??"]
[TimeControl "40/7200:1800"]

1. e4 c5 2. Nf3 d6 3. d4 cxd4 4. Nxd4 Nf6 5. Nc3 a6 6. Bg5 Nbd7 7. Qd2 h6 8.
Be3 b5 9. Bd3 Bb7 10. f3 e6 11. O-O-O Be7 12. g4 Rc8 13. Kb1 b4 14. Nce2 d5 15.
Ng3 Ne5 16. g5 hxg5 17. Bxg5 Nxe4 18. Nxe4 dxe4 19. Bxe7 Nxf3 20. Qxb4 Qxe7 21.
Qa4+ Qd7 22. Qxd7+ Kxd7 23. Nxf3 exd3 24. Rxd3+ Ke7 25. Rg1 Bxf3 26. Rxf3 Rxh2
27. c3 Rd8 28. Rgf1 f6 29. R1f2 Rxf2 30. Rxf2 g5 31. Kc2 g4 32. b4 f5 33. c4 g3
34. Rf1 Rf8 35. Kd3 f4 36. Ke4 g2 37. Rg1 f3 38. b5 f2 39. bxa6 f1=Q 0-1

[Event "Stadtmeisterschaft Ulm/Neu-Ulm 2011"]
[Site "Ulm"]
[Date "2011.11.25"]
[Round "6"]
[White "Mayer, Arnd"]
[Black "Hörsch, Heiner"]
[Result "1-0"]
[ECO "E65"]
[WhiteElo "1950"]
[BlackElo "2060"]
[Annotator ",Fred"]
[PlyCount "87"]
[EventDate "2011.??.??"]
[TimeControl "40/7200:1800"]

1. d4 Nf6 2. Nf3 g6 3. g3 Bg7 4. Bg2 O-O 5. O-O d6 6. c4 Nbd7 7. Nc3 c5 8. e3
a6 9. b3 Rb8 10. a4 cxd4 11. exd4 b6 12. Bb2 Bb7 13. d5 Qc7 14. Nd4 Rbe8 15.
Re1 Nb8 16. Rc1 Bc8 17. h3 e5 18. dxe6 fxe6 19. Ba3 Re7 20. Qd2 Rd8 21. Qe3
Ree8 22. Rcd1 e5 23. Nc2 Nc6 24. g4 Be6 25. Nd5 Bxd5 26. cxd5 Ne7 27. Qd3 Nd7
28. Nb4 Nc5 29. Qc4 a5 30. Nc6 Ra8 31. Nxe5 Rf8 32. Nf3 Qd7 33. Ng5 Bf6 34. Ne6
Rfe8 35. Qf4 Bh8 36. Qe3 Ra7 37. Nd4 Be5 38. f4 Bf6 39. Nb5 Rb7 40. Bxc5 bxc5
41. Qe6+ Qxe6 42. Rxe6 Kg7 43. Nxd6 Rxb3 44. g5 1-0

[Event "Stadtmeisterschaft Ulm/Neu-Ulm 2011"]
[Site "Ulm"]
[Date "2011.11.25"]
[Round "6"]
[White "Lüdke, Joshua"]
[Black "Gebhardt, Uwe"]
[Result "1-0"]
[ECO "B06"]
[WhiteElo "1700"]
[BlackElo "1976"]
[Annotator ",Fred"]
[PlyCount "105"]
[EventDate "2011.??.??"]
[TimeControl "40/7200:1800"]

1. e4 g6 2. d4 Bg7 3. Bc4 d6 4. Nf3 c6 5. O-O Nf6 6. e5 Nd5 7. Nc3 Nxc3 8. bxc3
d5 9. Bd3 O-O 10. Ba3 Re8 11. Rb1 b5 12. Nd2 a5 13. f4 Na6 14. f5 b4 15. fxg6
fxg6 16. cxb4 Nxb4 17. Bxb4 axb4 18. Rxb4 Rxa2 19. Nb3 Qc7 20. Qb1 Qa7 21. Nc5
Bxe5 22. c3 Bg7 23. Rb8 e5 24. Bxg6 hxg6 25. Qxg6 Qe7 26. Qxc6 Rxg2+ 27. Kxg2
Bh3+ 28. Kxh3 Rxb8 29. Qxd5+ Kh8 30. Rf5 Kh7 31. Rh5+ Kg6 32. Kg4 Rb6 33. dxe5
Bh6 34. Qg8+ Qg7 35. Qxg7+ Bxg7 36. Rg5+ Kh6 37. Ne4 Rb1 38. e6 Re1 39. Kf3 Bf8
40. Rg8 Ba3 41. Rc8 Kg6 42. Kf4 Rh1 43. Rg8+ Kh6 44. Rg2 Re1 45. c4 Be7 46. Ke5
Rc1 47. c5 Rc4 48. Kd5 Rc1 49. Re2 Kg6 50. Kc6 Rb1 51. Kc7 Bg5 52. Nd6 Kf6 53.
Kd7 1-0

[Event "Stadtmeisterschaft Ulm/Neu-Ulm 2011"]
[Site "Ulm"]
[Date "2011.11.25"]
[Round "6"]
[White "Deissler, Helmut"]
[Black "Heinrich, Klaus"]
[Result "0-1"]
[ECO "A85"]
[WhiteElo "1882"]
[BlackElo "1720"]
[Annotator ",Fred"]
[PlyCount "68"]
[EventDate "2011.??.??"]
[TimeControl "40/7200:1800"]

1. d4 d5 2. c4 e6 3. Nc3 f5 4. Nf3 c6 5. Bf4 Bd6 6. e3 Nf6 7. Bxd6 Qxd6 8. Bd3
Ne4 9. Ne5 g6 10. f3 Nxc3 11. bxc3 Nd7 12. Nxd7 Bxd7 13. f4 b6 14. O-O O-O 15.
a4 Rfc8 16. Qe2 Rc7 17. a5 Rac8 18. axb6 axb6 19. Ra6 c5 20. cxd5 exd5 21. Qb2
Qe7 22. Re1 cxd4 23. cxd4 Rc3 24. Qd2 b5 25. Rb6 Qb4 26. Qe2 Rxd3 27. Ra1 Qc3
28. Qa2 Bc6 29. Qa6 Ra8 30. Qxa8+ Bxa8 31. Rxa8+ Kg7 32. Ra7+ Kh6 33. h3 Qe1+
34. Kh2 Qxe3 0-1

[Event "Stadtmeisterschaft Ulm/Neu-Ulm 2011"]
[Site "Ulm"]
[Date "2011.11.25"]
[Round "6"]
[White "Hoffart, Alexander"]
[Black "Schneider, Jürgen"]
[Result "1-0"]
[ECO "C22"]
[WhiteElo "1802"]
[BlackElo "1713"]
[Annotator ",Fred"]
[PlyCount "69"]
[EventDate "2011.??.??"]
[TimeControl "40/7200:1800"]

1. e4 e5 2. d4 exd4 3. Qxd4 Nc6 4. Qe3 d6 5. Nc3 Nf6 6. Bd2 Be7 7. O-O-O a6 8.
Be2 O-O 9. Qg3 Re8 10. Nh3 Nd4 11. Rhe1 c5 12. Be3 Nxe2+ 13. Rxe2 Qa5 14. Nf4
b5 15. Nfd5 Nxd5 16. Nxd5 Qxa2 17. Nxe7+ Rxe7 18. Rxd6 Be6 19. Bxc5 Qa1+ 20.
Kd2 Qxb2 21. Bd4 Qb4+ 22. Ke3 Qa3+ 23. c3 Qc1+ 24. Rd2 g6 25. Qg5 Qe1+ 26. Re2
Qc1+ 27. Rd2 Qe1+ 28. Kf3 f5 29. e5 Qe4+ 30. Kg3 Rf8 31. f4 Qe1+ 32. Bf2 Qc1
33. Qxe7 Bc4 34. Rd8 Qxc3+ 35. Kh4 1-0

[Event "Stadtmeisterschaft Ulm/Neu-Ulm 2011"]
[Site "Ulm"]
[Date "2011.11.25"]
[Round "6"]
[White "Wolf, Rainer"]
[Black "Mattiessen, Irina"]
[Result "1-0"]
[ECO "A05"]
[WhiteElo "1976"]
[BlackElo "1580"]
[Annotator ",Fred"]
[PlyCount "29"]
[EventDate "2011.??.??"]
[TimeControl "40/7200:1800"]

1. Nf3 Nf6 2. e3 d5 3. Be2 c5 4. d4 e6 5. O-O Nc6 6. b3 b6 7. Bb5 Bd7 8. Qe2
Be7 9. Bb2 O-O 10. Ne5 Rc8 11. Nxd7 Nxd7 12. c4 cxd4 13. Bxc6 Rxc6 14. exd4 Qc7
15. Nc3 1-0

[Event "Stadtmeisterschaft Ulm/Neu-Ulm 2011"]
[Site "Ulm"]
[Date "2011.11.25"]
[Round "6"]
[White "Förderreuther, Jonas"]
[Black "Krauss, Rainer"]
[Result "0-1"]
[ECO "C51"]
[WhiteElo "1887"]
[BlackElo "1800"]
[Annotator ",Fred"]
[PlyCount "68"]
[EventDate "2011.??.??"]
[TimeControl "40/7200:1800"]

1. e4 e5 2. Nf3 Nc6 3. Bc4 Bc5 4. b4 Bxb4 5. c3 Be7 6. d4 d6 7. Qb3 Na5 8.
Bxf7+ Kf8 9. Qa4 Kxf7 10. Qxa5 b6 11. Qa4 Bd7 12. Qd1 exd4 13. cxd4 h6 14. e5
d5 15. e6+ Kxe6 16. Qe2+ Kd6 17. Bf4+ Kc6 18. Ne5+ Kb7 19. Nf7 Bb4+ 20. Nd2 Qf6
21. Nxh8 Qxf4 22. O-O Qxd2 23. Qe5 Nf6 24. Rfd1 Qb2 25. Rab1 Qxa2 26. Nf7 Re8
27. Qg3 Ne4 28. Qf4 Bd6 29. Nxd6+ Nxd6 30. Ra1 Qe2 31. Qc1 Nc4 32. Qc3 Qb2 33.
Qf3 Bc6 34. Rab1 Qxd4 0-1

[Event "Stadtmeisterschaft Ulm/Neu-Ulm 2011"]
[Site "Ulm"]
[Date "2011.11.25"]
[Round "6"]
[White "Kromer, Thomas"]
[Black "Vetter, Robert"]
[Result "1-0"]
[ECO "B18"]
[WhiteElo "1702"]
[BlackElo "1804"]
[Annotator ",Fred"]
[PlyCount "93"]
[EventDate "2011.??.??"]
[TimeControl "40/7200:1800"]

1. e4 c6 2. d4 d5 3. Nc3 dxe4 4. Nxe4 Bf5 5. Ng3 Bg6 6. h4 h6 7. h5 Bh7 8. Nf3
Nf6 9. Bd3 Bxd3 10. Qxd3 e6 11. Bd2 Nbd7 12. c4 Bd6 13. Bc3 Qc7 14. Ne4 Nxe4
15. Qxe4 Nf6 16. Qh4 Be7 17. Ne5 O-O 18. Qf4 Rad8 19. Rd1 c5 20. Nd3 Qxf4 21.
Nxf4 Ne4 22. d5 Bg5 23. Ne2 exd5 24. cxd5 Rfe8 25. O-O c4 26. Bb4 Rd7 27. Rd4
b5 28. d6 a6 29. Nc3 Nxc3 30. bxc3 Rc8 31. a4 a5 32. Bxa5 Ra8 33. Bc7 Bf6 34.
axb5 Bxd4 35. cxd4 Ra3 36. b6 Rb3 37. Rc1 c3 38. Kf1 f6 39. Ke2 Kf7 40. Kd3 Ke6
41. Kc4 Rb2 42. Kxc3 Rb5 43. Kc4 Rb2 44. Re1+ Kf5 45. Kd5 Rf7 46. Re7 Rf8 47.
d7 1-0

[Event "Stadtmeisterschaft Ulm/Neu-Ulm 2011"]
[Site "Ulm"]
[Date "2011.11.25"]
[Round "6"]
[White "Borkert, Reginald"]
[Black "Schluricke, Reinhard"]
[Result "1/2-1/2"]
[ECO "B07"]
[WhiteElo "1881"]
[BlackElo "1765"]
[Annotator ",Fred"]
[PlyCount "72"]
[EventDate "2011.??.??"]
[TimeControl "40/7200:1800"]

1. e4 d6 2. d4 Nf6 3. Nc3 Nc6 4. d5 Nb8 5. f4 e5 6. Nf3 Bg4 7. h3 Bxf3 8. Qxf3
a6 9. a4 Be7 10. Bd3 Nbd7 11. O-O c6 12. a5 cxd5 13. Nxd5 Nxd5 14. exd5 Bf6 15.
c3 O-O 16. Bd2 exf4 17. Qe4 g6 18. Bxf4 Be5 19. Be3 Rc8 20. Qf3 Qh4 21. Bf2 Qf4
22. Qxf4 Bxf4 23. Ra4 Be5 24. Rb4 Nc5 25. Bxc5 Rxc5 26. Rxb7 Rxa5 27. Bc4 Rc8
28. Bb3 Rb5 29. Rxb5 axb5 30. Ra1 b4 31. cxb4 Rb8 32. Ra4 Bxb2 33. Bc4 Bc3 34.
b5 Bd4+ 35. Kf1 Bc5 36. Ra6 Rb6 1/2-1/2

[Event "Stadtmeisterschaft Ulm/Neu-Ulm 2011"]
[Site "Ulm"]
[Date "2011.11.25"]
[Round "6"]
[White "Schwab, Matthias"]
[Black "Kelemen, Alexander"]
[Result "1-0"]
[ECO "C44"]
[WhiteElo "2001"]
[BlackElo "1618"]
[Annotator ",Fred"]
[PlyCount "27"]
[EventDate "2011.??.??"]
[TimeControl "40/7200:1800"]

1. e4 e5 2. Nf3 Nc6 3. d4 exd4 4. Bc4 Bc5 5. O-O Nge7 6. Ng5 Ne5 7. Nxf7 Nxf7
8. Bxf7+ Kxf7 9. Qh5+ g6 10. Qxc5 Nc6 11. Qd5+ Kg7 12. b4 a6 13. Bb2 Rf8 14. a4
1-0

[Event "Stadtmeisterschaft Ulm/Neu-Ulm 2011"]
[Site "Ulm"]
[Date "2011.11.25"]
[Round "6"]
[White "Hörsch, Florian"]
[Black "Baumann, Tobias"]
[Result "1-0"]
[ECO "C80"]
[WhiteElo "1775"]
[BlackElo "1621"]
[Annotator ",Fred"]
[PlyCount "55"]
[EventDate "2011.??.??"]
[TimeControl "40/7200:1800"]

1. e4 e5 2. Nf3 Nc6 3. Bb5 a6 4. Ba4 Nf6 5. O-O Nxe4 6. Re1 Nc5 7. Bxc6 dxc6 8.
d4 Ne6 9. Nxe5 Be7 10. c3 O-O 11. Be3 Re8 12. Nd2 c5 13. Ndf3 cxd4 14. Nxd4 c5
15. Nf5 Bf6 16. Ng4 Bg5 17. Qb3 Nf4 18. Rad1 Qc7 19. Bxf4 Rxe1+ 20. Rxe1 Qc6
21. Bxg5 Bxf5 22. Ne3 Re8 23. Qd1 Qe6 24. Nc2 Qc6 25. Rxe8+ Qxe8 26. Ne3 f6 27.
Nxf5 fxg5 28. Qd5+ 1-0

[Event "Stadtmeisterschaft Ulm/Neu-Ulm 2011"]
[Site "Ulm"]
[Date "2011.11.25"]
[Round "6"]
[White "Goda, Frederic"]
[Black "Lepschi, Albert"]
[Result "1/2-1/2"]
[ECO "D00"]
[WhiteElo "1643"]
[BlackElo "1768"]
[Annotator ",Fred"]
[PlyCount "88"]
[EventDate "2011.??.??"]
[TimeControl "40/7200:1800"]

1. d4 d5 2. Bf4 Nf6 3. e3 Bf5 4. Nf3 e6 5. c4 Bxb1 6. Rxb1 Bb4+ 7. Ke2 Bd6 8.
Qa4+ c6 9. Bxd6 Qxd6 10. c5 Qc7 11. g3 Nbd7 12. Bg2 e5 13. Rhc1 O-O 14. b4 a6
15. Qd1 Rfe8 16. Kf1 exd4 17. Nxd4 Qe5 18. a4 Ne4 19. b5 axb5 20. axb5 Ra2 21.
Bxe4 Qxe4 22. Kg1 Qg6 23. bxc6 bxc6 24. Rb7 Ne5 25. Qb3 Raa8 26. Qc2 Qf6 27.
Qf5 Qxf5 28. Nxf5 Kf8 29. Nd4 Ra5 30. Rc2 Rc8 31. Kf1 Nc4 32. Nb3 Rb5 33. Rxb5
cxb5 34. Ke2 Ke7 35. e4 dxe4 36. Ra2 Rc7 37. Ra6 f5 38. f3 exf3+ 39. Kxf3 Ne5+
40. Ke3 g5 41. Kd4 Nc6+ 42. Ke3 h5 43. Rb6 b4 44. Nd4 Nxd4 1/2-1/2

[Event "Stadtmeisterschaft Ulm/Neu-Ulm 2011"]
[Site "Ulm"]
[Date "2011.11.25"]
[Round "6"]
[White "Kühn, Bernd"]
[Black "Kuhn, Klaus-Peter"]
[Result "0-1"]
[ECO "A08"]
[WhiteElo "1662"]
[BlackElo "1417"]
[Annotator ",Fred"]
[PlyCount "78"]
[EventDate "2011.??.??"]
[TimeControl "40/7200:1800"]

1. Nf3 Nf6 2. g3 d5 3. Bg2 e6 4. O-O c5 5. d3 Nc6 6. Nbd2 e5 7. e4 d4 8. a4 h6
9. Nc4 Qc7 10. c3 Bg4 11. h3 Be6 12. cxd4 cxd4 13. b3 Nd7 14. Bd2 Nb6 15. Nh4
Qd7 16. Nxb6 axb6 17. Kh2 Be7 18. Nf3 g5 19. Ng1 h5 20. f4 gxf4 21. gxf4 exf4
22. Bxf4 Bd6 23. Bxd6 Qxd6+ 24. Kh1 Ne5 25. Nf3 Ke7 26. Rb1 Rag8 27. Rb2 Rg3
28. Nxe5 Qxe5 29. Rf3 Bg4 30. Rbf2 Bxf3 31. Rxf3 Rhg8 32. Rf5 Qg7 33. Qxh5 Rxg2
34. Re5+ Kf8 35. Re8+ Kxe8 36. Qb5+ Ke7 37. Qb4+ Kf6 38. Qd6+ Kg5 39. Kxg2 Kh5+
0-1